 Dungeon Crawl Stone Soup version 0.29.1-15-g9cfb28693d (webtiles) character file.

Game seed: 2266120556639680833

2502 leafyfresh the Sneak (level 9, -1/66 HPs)
             Began as an Octopode Delver on Mar 8, 2023.
             Slain by a killer bee (7 damage)
             ... on level 7 of the Dungeon.
             The game lasted 00:15:51 (10019 turns).

leafyfresh the Sneak (Octopode Delver)             Turns: 10019, Time: 00:15:51

Health: -1/66      AC:  1    Str: 12    XL:     9   Next: 53%
Magic:  9/9        EV: 16    Int: 18    God:
Gold:   327        SH:  0    Dex: 13    Spells: 4/8 levels left

rFire   . . .      SeeInvis .   v - +9 hammer "Heajoo Sima" {vorpal, Int+2}
rCold   . . .      Faith    .   (no shield)
rNeg    + . .      Spirit   .   (helmet restricted)
rPois   .          Reflect  .   (no amulet)
rElec   .          Harm     .   z - ring of positive energy
rCorr   .          Rampage  .   (no ring)
Will    .....                   (no ring)
Stlth   +++++.....              (no ring)
HPRegen 0.21/turn               (no ring)
MPRegen 0.11/turn               (no ring)
                                (no ring)
                                (no ring)

@: lethally poisoned (-1 -> -4)
A: almost no armour, amphibious, 8 rings, camouflage 1, gelatinous body 1,
(nimble swimmer 1), tentacles
a: no special abilities


You were on level 7 of the Dungeon.
You visited 2 branches of the dungeon, and saw 8 of its levels.
You also visited: Ossuary.

You collected 327 gold pieces.

Inventory:

Hand Weapons
 v - the +9 hammer "Heajoo Sima" (weapon) {vorpal, Int+2}
   (You found it on level 3 of the Dungeon)

   It inflicts extra damage upon your enemies.
   Int:       It affects your intelligence (+2).
 w - a +4 quarterstaff of chaos
Missiles
 x - a throwing net (quivered)
Jewellery
 z - a ring of positive energy (left tentacle)
Wands
 f - a wand of digging (3)
 y - a wand of polymorph (12)
 E - a wand of charming (4)
Scrolls
 a - a scroll of acquirement {unknown}
 b - 4 scrolls of fog
 c - 2 scrolls of magic mapping
 d - 2 scrolls of poison
 g - 7 scrolls of teleportation
 i - 2 scrolls of immolation {unknown}
 j - 3 scrolls of enchant armour
 l - a scroll of fear
 n - 4 scrolls of blinking
 p - 2 scrolls of amnesia
 s - a scroll of vulnerability {unknown}
 u - 2 scrolls of silence {unknown}
 D - a scroll of torment {unknown}
 G - a scroll of enchant weapon {unknown}
Potions
 e - 2 potions of haste
 h - a potion of ambrosia {unknown}
 k - 5 potions of degeneration {unknown}
 m - 3 potions of flight {unknown}
 o - 2 potions of brilliance {unknown}
 q - 4 potions of resistance {unknown}
 r - a potion of might {unknown}
 t - 3 potions of lignification {unknown}
 A - 2 potions of invisibility {unknown}
 B - 3 potions of heal wounds
 C - 2 potions of curing {unknown}
 F - 3 potions of attraction {unknown}


   Skills:
 + Level 7.8 Fighting
 - Level 2.0 Short Blades
 + Level 6.4 Maces & Flails
 + Level 7.4 Dodging
 - Level 7.8 Stealth
 - Level 1.3 Ice Magic


You had 4 spell levels left.
You knew the following spells:

 Your Spells              Type           Power      Damage    Failure   Level
a - Freeze                Ice            16%        1d4       13%         1
b - Frozen Ramparts       Ice            8%         1d2       36%         3

Your spell library contained the following spells:

 Spells                   Type           Power      Damage    Failure   Level
 Apportation              Tloc           0%         N/A       22%         1
 Foxfire                  Conj/Fire      0%         2x1d4     22%         1
 Necrotise                Necr           0%         1d4       22%         1
 Summon Small Mammal      Summ           0%         N/A       22%         1
 Conjure Flame            Conj/Fire      0%         6-21      54%         3
 Dazzling Flash           Conj/Hex       0%         N/A       54%         3
 Gell's Gravitas          Tloc           0%         N/A       54%         3
 Inner Flame              Hex/Fire       0%         N/A       54%         3
 Lesser Beckoning         Tloc           0%         N/A       54%         3
 Stone Arrow              Conj/Erth      0%         3d7       54%         3
 Teleport Other           Tloc           0%         N/A       54%         3
 Hailstorm                Conj/Ice       2%         3d3       86%         4
 Flame Wave               Conj/Fire      0%         2d4       91%         4
 Iskenderun's Mystic Bla  Conj/Tloc      0%         2d3       91%         4
 Starburst                Conj/Fire      0%         6d3       100%        6
 Lehudib's Crystal Spear  Conj/Erth      0%         10d2      100%        8
 Animate Armour           Summ/Erth      Unusable   N/A       N/A         4

Dungeon Overview and Level Annotations

Branches:
Dungeon (7/15)             Temple (1/1) D:5         Ossuary (visited)

Altars:
Cheibriados
Dithmenos
Fedhas
Gozag
Hepliaklqana
Kikubaaqudgha
Okawaru
Qazlal
Sif Muna
Trog
Uskayaw
Xom
Yredelemnul
The Shining One

Shops:
D:7 [

Annotations:
D:5 1 runed translucent door, Lysca's ghost, novice MfTm


Innate Abilities, Weirdness & Mutations

You cannot wear most types of armour.
You are amphibious.
You can wear up to eight rings at the same time.
Your skin changes colour to match your surroundings (Stealth+).
Your rubbery body absorbs attacks. (AC +1, EV +1)
((You are camouflaged when in or above water. (Stealth+)))
You have tentacles for arms and can constrict up to eight enemies at once.


Message History

You miss the killer bee. You grab the killer bee.
The killer bee is almost dead.
You constrict the killer bee. The killer bee closely misses you.
The killer bee barely misses you. The killer bee stings you.
You hit the killer bee.
You kill the killer bee!
The killer bee stings you! The killer bee closely misses you.
You hit the killer bee. You grab the killer bee.
The killer bee is moderately wounded.
You constrict the killer bee, but do no damage.
The killer bee stings you. x2; The killer bee misses you.
The killer bee stings you!
You closely miss the killer bee. You squeeze the killer bee!
The killer bee is almost dead.
You constrict the killer bee.
You kill the killer bee!
The killer bee barely misses you.
You sock the killer bee!
You kill the killer bee!
The killer bee stings you. The killer bee stings you!
* * * LOW HITPOINT WARNING * * *
You are poisoned.
The killer bee poisons you!
You are too injured to fight recklessly!
You barely miss the killer bee. Your grab misses the killer bee.
Your squeeze misses the killer bee.
You feel sick. The killer bee stings you!
* * * LOW HITPOINT WARNING * * *
The killer bee completely misses you.
Unknown command.
You thump the killer bee! Your grab misses the killer bee.
The killer bee is heavily wounded.
You feel sick. The killer bee barely misses you. x2
The killer bee closely misses you.
Unknown command.
You miss the killer bee. Your grab misses the killer bee.
Your squeeze misses the killer bee.
The killer bee is heavily wounded.
You feel sick. The killer bee closely misses you. x2
The killer bee stings you!
You die...

**#.*******####....#o
#.*### ##.....#h
#.##.## ##......##
#.#...####........#
#........'.........
##.#...####.........
#...#.## ##.......#
#.#.### ##....[##
#.y@# ##...## ###y#
*#+## #.# *,* #.# *,*
#.# **,** #.# **,,,**
#.# **,,,,,* #.#
**,,,,,,*
*,*******,,,,,,,**


You could see 2 killer bees.

Vanquished Creatures
  Duvessa (D:4)
  An ice beast (D:7)
  3 black bears
  2 centaurs
  An elf zombie (Ossuary)
  Blork the orc (D:6)
  4 necrophages
  A scorpion (D:7)
  A gnoll sergeant (D:6)
  Dowan (D:4)
  4 killer bees (D:7)
  A howler monkey (D:6)
  A centaur zombie (Ossuary)
  2 quasits (D:6)
  2 jellies
  Crazy Yiuf (D:3)
  4 human zombies (Ossuary)
  3 orc priests
  A gnoll bouda (D:3)
  4 hounds
  Ijyb (D:5)
  Terence (D:3)
  3 iguanas
  2 orc wizards
  2 mummies (Ossuary)
  9 gnolls
  5 adders
  10 river rats (D:5)
  2 shadow imps (D:6)
  2 white imps (D:6)
  A worm (D:2)
  2 dart slugs
  12 orcs
  9 ball pythons
  7 endoplasms
  2 giant cockroaches
  11 goblins
  3 hobgoblins
  6 kobolds
  10 quokkas
  4 bats
  3 frilled lizards
  2 goblin zombies
  11 hobgoblin zombies (Ossuary)
  2 jackal zombies (Ossuary)
  11 kobold zombies (Ossuary)
  4 orc zombies (Ossuary)
  18 rats
  3 rat zombies
197 creatures vanquished.

Vanquished Creatures (others)
  A demonic plant (D:6)
1 creature vanquished.

Grand Total: 198 creatures vanquished

Notes
Turn   | Place    | Note
-------+----------+-------------------------------------------
     0 | D:5      | leafyfresh the Octopode Delver began the quest for the Orb.
     0 | D:5      | Reached XP level 1. HP: 16/16 MP: 1/1
    10 | D:5      | Found a staircase to the Ecumenical Temple.
    28 | Temple   | Entered the Ecumenical Temple
   267 | D:5      | Noticed a necrophage
   277 | D:5      | Killed a necrophage
   278 | D:5      | Reached XP level 2. HP: 6/22 MP: 2/2
   278 | D:5      | Reached XP level 3. HP: 8/27 MP: 3/3
   278 | D:5      | Reached XP level 4. HP: 10/33 MP: 4/4
   537 | D:5      | Found a runed translucent door.
   727 | D:3      | Noticed Terence
   728 | D:3      | Reached XP level 5. HP: 25/37 MP: 5/5
  1176 | D:2      | Found a shimmering altar of Xom.
  1552 | D:1      | Learned a level 1 spell: Freeze
  1556 | D:1      | Learned a level 3 spell: Frozen Ramparts
  1584 | D:1      | Found a faded altar of an unknown god.
  1714 | D:1      | Reached skill level 1 in Ice Magic
  2215 | D:1      | Noticed a ghoul
  2216 | D:1      | Noticed a demonspawn
  2217 | D:1      | Noticed a vine stalker
  2220 | D:1      | Noticed a troll
  2220 | D:1      | Noticed a human
  2222 | D:1      | Noticed a ghoul
  2222 | D:1      | Noticed a human
  2226 | D:1      | Noticed a formicid
  2228 | D:1      | Noticed a draconian
  2230 | D:1      | Noticed a merfolk
  2232 | D:1      | Noticed a troll
  2232 | D:1      | Noticed a ghoul
  2233 | D:1      | Noticed an octopode
  2234 | D:1      | Noticed an octopode
  2235 | D:1      | Noticed a felid
  2236 | D:1      | Noticed a vampire
  2237 | D:1      | Noticed a demigod
  2239 | D:1      | Noticed a minotaur
  2540 | D:3      | Identified the +9 hammer "Heajoo Sima" {vorpal, Int+2}
  2548 | D:3      | Found a runed translucent door.
  2549 | D:3      | Noticed Crazy Yiuf
  2673 | D:3      | Killed Terence
  2674 | D:3      | Reached skill level 1 in Maces & Flails
  2674 | D:3      | Reached XP level 6. HP: 27/44 MP: 6/6
  3093 | D:3      | Killed Crazy Yiuf
  3361 | D:4      | Noticed Duvessa
  3361 | D:4      | Noticed Dowan
  3421 | D:4      | Noticed a black bear
  3436 | D:4      | Killed a black bear
  4424 | D:4      | Noticed a black bear
  4440 | D:4      | Killed a black bear
  4441 | D:4      | Reached skill level 5 in Fighting
  4441 | D:4      | Reached XP level 7. HP: 24/50 MP: 4/7
  4771 | D:4      | Killed Dowan
  4807 | D:5      | Noticed Ijyb
  4814 | D:5      | Killed Ijyb
  4855 | D:5      | Noticed Lysca's ghost (novice MfTm)
  5568 | D:4      | Killed Duvessa
  5569 | D:4      | Reached skill level 5 in Dodging
  6026 | D:5      | Reached XP level 8. HP: 15/57 MP: 8/8
  7777 | D:6      | Reached skill level 5 in Maces & Flails
  7803 | D:6      | Noticed Blork the orc
  7812 | D:6      | Killed Blork the orc
  8336 | D:6      | Reached XP level 9. HP: 63/63 MP: 9/9
  8820 | D:7      | Found a sand-covered staircase.
  8844 | Ossuary  | Entered an ossuary
  9710 | D:7      | Found Qumn's Antique Armour Emporium.
 10019 | D:7      | Slain by a killer bee

Illustrated notes

Levels and vault maps discovered:
D:1:      shiori_arrival_whats_in_store_for_you, layout_basic,
          shapermc_ecumenical_altar_totnotflames
D:2:      layout_loops_cross, basic_altar, dreamdust_wishing_well
D:3:      layout_rooms, uniq_terence, uniq_crazy_yiuf_cottage
D:4:      layout_cave_pods, chequers_avenue, uniq_duvessa
D:5:      lemuel_ratsnest, layout_cave_pools, minmay_temple_entry_mist,
          hellmonk_ghost_happy_afterlife, uniq_ijyb
D:6:      layout_cave_pods, serial_demonic, serial_demonic_c, serial_demonic_b,
          serial_demonic_d, serial_demonic_f, uniq_blork_the_orc
D:7:      layout_loops_corners, enter_ossuary_4, kennysheep_windowed_goal
Temple:   dpeg_chambers_temple

Skill      XL: |  1  2  3  4  5  6  7  8  9 |
---------------+----------------------------+-----
Stealth        | 7 |  7.8
Dodging        | 3 4 5 6 7 |  7.4
Fighting       | 4 5 6 7 |  7.8
Ice Magic      | 1 |  1.3
Maces & Flails | 1 2 3 5 6 |  6.4
Short Blades   | |  2.0

Action                   |  1- 3 |  4- 6 |  7- 9 || total
-------------------------+-------+-------+-------++-------
Melee: Short sword       |     6 |    78 |       ||    84
       Tentacles         |     1 |    15 |    46 ||    62
       Constrict         |     1 |    24 |    58 ||    83
       Mace              |       |    34 |   229 ||   263
       Punch             |       |       |     2 ||     2
 Cast: Frozen Ramparts   |       |     2 |     2 ||     4
  Use: Scroll            |       |     1 |     6 ||     7
       Potion            |       |       |     1 ||     1
 Stab: Sleeping          |     1 |    30 |    22 ||    53
       Fleeing           |       |     1 |       ||     1
       Distracted        |       |       |     1 ||     1
Armor: Skin              |     1 |     6 |    14 ||    21
Dodge: Dodged            |     1 |    63 |   151 ||   215
